 Dungeon Crawl Stone Soup version 0.21.0-3-g78d12a8 (console) character file.

19 removed the Firebug (level 2, 0/19 HPs)
             Began as a Halfling Fire Elementalist on Jan 9, 2018.
             Killed from afar by a dart slug (4 damage)
             ... with a slug dart
             ... on level 1 of the Dungeon.
             The game lasted 00:01:50 (691 turns).

removed the Firebug (Halfling Fire Elementalist)     Turns: 691, Time: 00:01:50

Health: 0/19       AC:  2    Str:  9    XL:     2   Next: 95%
Magic:  4/4        EV: 15    Int: 13    God:
Gold:   84         SH:  0    Dex: 14    Spells: 3/4 levels left

rFire    . . .     SeeInvis .   a - +0 whip
rCold    . . .     Gourm    +   (shield restricted)
rNeg     . . .     Faith    .   d - +0 robe
rPois    .         Spirit   .   (no helmet)
rElec    .         Reflect  .   (no cloak)
rCorr    .         Harm     .   (no gloves)
MR       .....                  (no boots)
Stlth    ++........             j - amulet of the gourmand
HPRegen  0.06/turn              (no ring)
MPRegen  0.09/turn              (no ring)

@: no status effects
A: small, mutation resistance 1
a: no special abilities


You were on level 1 of the Dungeon.
You were not hungry.

You visited 1 branch of the dungeon, and saw 1 of its levels.

You collected 84 gold pieces.

Inventory:

Hand Weapons
 a - a +0 whip (weapon)
Armour
 d - a +0 robe (worn)
 h - a +0 plate armour
Jewellery
 j - an amulet of the gourmand (around neck)
Scrolls
 g - a scroll of teleportation {unknown}
 k - a scroll of fog {unknown}
Potions
 i - a potion of haste {unknown}
Books
 b - a book of Flames

   Spells                             Type                      Level
   a - Flame Tongue                   Conjuration/Fire             1
   b - Throw Flame                    Conjuration/Fire             2
   c - Conjure Flame                  Conjuration/Fire             3
   d - Inner Flame                    Hexes/Fire                   3
   e - Sticky Flame                   Conjuration/Fire             4
   f - Fireball                       Conjuration/Fire             5
Comestibles
 c - a ration


   Skills:
 - Level 2.0 Fighting
 + Level 2.3 Dodging
 - Level 2.1 Stealth
 - Level 1.5 Spellcasting
 - Level 0.7 Conjurations
 - Level 3.0 Fire Magic


You had 3 spell levels left.
You knew the following spells:

 Your Spells              Type           Power        Failure   Level  Hunger
a - Flame Tongue          Conj/Fire      #....        12%         1    ##.....


Dungeon Overview and Level Annotations

Branches:
Dungeon (1/15)

Altars:


Innate Abilities, Weirdness & Mutations

You are small and have problems with some larger weapons.
You are somewhat resistant to further mutation.


Message History

The ball python misses you. The ball python grabs you.
The ball python constricts you. The ball python misses you.
The ball python constricts you.
You see here a rat corpse.
Unknown command.
You hit the ball python but do no damage.
The ball python bites you.
* * * LOW HITPOINT WARNING * * *
The ball python constricts you.
Unknown command.
You closely miss the ball python. The ball python bites you.
* * * LOW HITPOINT WARNING * * *
The ball python constricts you.
Unknown command.
You hit the ball python.
You kill the ball python!
Unknown command.
The dart slug launches a dart at you. The slug dart hits you!
You die...

>........#######.###)##.......#
#
......##......##.###..........#
......####w....(...####(......##
....... ##..##..#....#........##
######.. ##.......##...#.####.#.
##. ###.w............##... #.
.###†#.##.....(......
.)...##†#.##.........#..
....#@#.##....###.....
................####...#
......#.#...............
................#.####..
#...............#.......
........#.(.(......###..
........###.............
..........(............#
###.#..###.........###


You could see a dart slug.

Vanquished Creatures
  A leopard gecko (D:1)
  A giant cockroach (D:1)
  2 goblins (D:1)
  5 kobolds (D:1)
  A ball python (D:1)
  3 bats (D:1)
  7 rats (D:1)
20 creatures vanquished.

Notes
Turn   | Place    | Note
-------+----------+-------------------------------------------
     0 | D:1      | removed the Halfling Fire Elementalist began the quest for the Orb.
     0 | D:1      | Reached XP level 1. HP: 11/11 MP: 3/3
   106 | D:1      | Reached skill level 1 in Fighting
   186 | D:1      | Reached XP level 2. HP: 18/18 MP: 4/4
   691 | D:1      | Killed from afar by a dart slug

Skill      XL: |  1  2 |
---------------+-------+-----
Fighting       | 1 2 |  2.0
Dodging        | |  2.3
Stealth        | |  2.1
Spellcasting   | |  1.5
Conjurations   | |  0.7
Fire Magic     | |  3.0

Action                   || total
-------------------------++-------
Melee: Whip              ||    61
 Cast: Flame Tongue      ||     7
  Eat: Chunk             ||     3
Armor: Robe              ||    14
Dodge: Dodged            ||    81
